 Dungeon Crawl Stone Soup version 0.27.1-1-g398f81649c (webtiles) character file.

Game seed: 15510603930025736919

1324 MisterFreud the Basher (level 8, 0/67 HPs)
             Began as a Gnoll Wanderer on Sept 21, 2021.
             Was a Believer of Vehumet.
             Slain by a jelly (3 damage)
             ... on level 4 of the Dungeon.
             The game lasted 00:06:05 (5472 turns).

MisterFreud the Basher (Gnoll Wanderer)             Turns: 5472, Time: 00:06:06

Health: 0/67       AC: -14   Str: 12    XL:     8   Next: 60%
Magic:  13/13      EV: 11    Int: 14    God:    Vehumet [**....]
Gold:   72         SH:  0    Dex: 11    Spells: 12/13 levels left

rFire    . . .     SeeInvis .   a - +2 mace
rCold    . . .     Faith    .   (no shield)
rNeg     . . .     Spirit   .   l - +0 ring mail
rPois    .         Reflect  .   (no helmet)
rElec    .         Harm     .   i - +2 cloak
rCorr    .         Rampage  .   (no gloves)
Will     +....                  (no boots)
Stlth    ++........             (no amulet)
HPRegen  0.21/turn              t - ring of willpower
MPRegen  0.13/turn              (no ring)

@: corroded
A: fangs 1, strong nose, distributed training
a: Renounce Religion


You were on level 4 of the Dungeon.
You worshipped Vehumet.
Vehumet was pleased with you.
You visited 1 branch of the dungeon, and saw 5 of its levels.

You collected 163 gold pieces.
You spent 91 gold pieces at shops.

Inventory:

Hand Weapons
 a - a +2 mace (weapon)
 x - a +5 scimitar
Missiles
 h - 3 atropa-tipped darts (quivered)
 s - 2 boomerangs
 v - 8 poisoned darts
 y - 6 javelins
Armour
 c - a +0 robe
 i - a +2 cloak (worn)
 l - a +0 ring mail (worn)
Jewellery
 t - a ring of willpower (left hand)
 z - a ring of ice
 A - an amulet of guardian spirit
Wands
 q - a wand of polymorph (9)
 u - a wand of flame (12)
Scrolls
 b - 7 scrolls of teleportation
 d - a scroll of blinking {unknown}
 f - 2 scrolls of fog
 g - a scroll of vulnerability {unknown}
 j - a scroll of amnesia {unknown}
 n - a scroll of noise {unknown}
 o - a scroll of silence {unknown}
 r - a scroll of identify
 w - 2 scrolls of magic mapping {unknown}
 B - a scroll of immolation {unknown}
Potions
 e - a potion of heal wounds
 k - 2 potions of haste
 m - a potion of curing
 p - a potion of magic


   Skills:
 + Level 7.4 Fighting
 + Level 3.4 Short Blades
 + Level 3.4 Long Blades
 + Level 3.4 Axes
 + Level 9.2 Maces & Flails
 + Level 3.4 Polearms
 + Level 3.4 Staves
 + Level 3.4 Slings
 + Level 3.4 Bows
 + Level 3.4 Crossbows
 + Level 4.3 Throwing
 + Level 4.3 Armour
 + Level 3.4 Dodging
 + Level 4.2 Stealth
 + Level 3.4 Shields
 + Level 3.4 Unarmed Combat
 + Level 3.4 Spellcasting
 + Level 2.8 Conjurations
 + Level 2.8 Hexes
 + Level 2.8 Summonings
 + Level 2.8 Necromancy
 + Level 2.8 Translocations
 + Level 2.8 Transmutations
 + Level 2.8 Fire Magic
 + Level 2.8 Ice Magic
 + Level 2.8 Air Magic
 + Level 2.8 Earth Magic
 + Level 2.8 Poison Magic
 + Level 3.7 Invocations
 + Level 3.4 Evocations


You had 12 spell levels left.
You knew the following spells:

 Your Spells              Type           Power      Damage    Failure   Level
a - Foxfire               Conj/Fire      40%        2x1d6     14%         1

Your spell library contained the following spells:

 Spells                   Type           Power      Damage    Failure   Level
 Sandblast                Erth           20%        2d7       14%         1
 Passwall                 Tmut/Erth      8%         N/A       22%         2
 Swiftness                Air            10%        N/A       38%         3
 Invisibility             Hex            5%         N/A       100%        6


Dungeon Overview and Level Annotations

Branches:
Dungeon (5/15)
 Temple: D:4-7

Altars:
Ashenzari
Qazlal
Uskayaw
Vehumet
Wu Jian

Shops:
D:3 ?


Innate Abilities, Weirdness & Mutations

You have very sharp teeth.
Your uncanny sense of smell can sniff out nearby items.
Your experience applies equally to all skills.


Message History

Vehumet accepts your kill. 2 orcs come into view.
Found 19 gold pieces.
The orc shouts!
The orc moves out of view.
An orc wizard comes into view. It is wielding a +0 dagger.
An orc and an orc priest come into view.
The jelly hits you but does no damage.
There are monsters nearby!
The orc shouts!
The orc wizard shouts!
You sock the jelly!
Your hands burn!
The jelly is heavily wounded.
The jelly hits you but does no damage.
There are monsters nearby!
You hit the jelly. The acid corrodes you!
Your hands burn!
The jelly is severely wounded.
The jelly hits you. The acid corrodes you!
You are splashed with acid!
You hit the jelly.
Your hands burn!
The jelly is almost dead.
The jelly hits you. The acid corrodes you!
You are splashed with acid!
You hit the jelly but do no damage.
Your hands burn!
The jelly is almost dead.
The jelly hits you. The acid corrodes you!
You are splashed with acid.
The orc priest mumbles some strange prayers to Beogh against you.
Beogh smites you!
* * * LOW HITPOINT WARNING * * *
The orc priest casts a cantrip, but nothing happens.
There is a stone staircase leading up here.
The jelly hits you.
* * * LOW HITPOINT WARNING * * *
The acid corrodes you!
You are splashed with acid!
* * * LOW HITPOINT WARNING * * *
You climb upwards.
There is a stone staircase leading down here.
You hit the jelly but do no damage. The acid corrodes you!
Your hands burn!
* * * LOW HITPOINT WARNING * * *
You bite the jelly.
The jelly is almost dead.
The jelly hits you.
You die...

####..##....#....'..'.....##'####
####..###############.....+...#..
......##..####.#..........#...+..
.......#.[.....#.....######..##..
.......#.......#.....#......<##..
.......))).....#.....#.......#...
.......#.......'.....+.......#...
####'###########.....##.>##..#...
#.............@#'####..##..##..
#............J.#.......########
#..............#...............
#.......(......+...............
#..............#...............
#..............#.......########
###..............#+#######.......
....#'##########..........)......
....#.....# #.................


You could see a jelly.

Vanquished Creatures
  Sigmund (D:4)
  Eustachio (D:4)
  2 ogres (D:4)
  A necrophage (D:4)
  A kobold brigand (D:4)
  A phantom (D:5)
  A scorpion (D:3)
  3 wights (D:4)
  A bullfrog zombie (D:5)
  A jelly (D:3)
  2 orc priests (D:4)
  A centaur skeleton (D:5)
  Natasha (twice) (D:3)
  Robin (D:3)
  A howler monkey zombie (D:5)
  6 gnolls (D:4)
  5 adders (D:2)
  4 dart slugs
  4 orcs
  7 endoplasms
  2 giant cockroaches
  12 goblins
  16 hobgoblins
  10 jackals
  3 quokkas
  10 ball pythons
  8 bats
  5 frilled lizards
  8 kobolds
  5 rats
125 creatures vanquished.

Notes
Turn   | Place    | Note
-------+----------+-------------------------------------------
     0 | D:1      | MisterFreud the Gnoll Wanderer began the quest for the Orb.
     0 | D:1      | MisterFreud set off with the following items: a +2 mace, 2
                  | scrolls of teleportation, a +0 robe
     0 | D:1      | Reached XP level 1. HP: 23/23 MP: 1/1
   131 | D:1      | Reached XP level 2. HP: 15/29 MP: 2/2
   574 | D:1      | Reached XP level 3. HP: 29/35 MP: 3/3
   945 | D:1      | Reached skill level 1 in Invocations
  1127 | D:2      | Reached skill level 1 in Short Blades
  1127 | D:2      | Reached skill level 1 in Long Blades
  1127 | D:2      | Reached skill level 1 in Axes
  1127 | D:2      | Reached skill level 1 in Polearms
  1127 | D:2      | Reached skill level 1 in Staves
  1127 | D:2      | Reached skill level 1 in Slings
  1127 | D:2      | Reached skill level 1 in Bows
  1127 | D:2      | Reached skill level 1 in Crossbows
  1127 | D:2      | Reached skill level 1 in Dodging
  1127 | D:2      | Reached skill level 1 in Shields
  1127 | D:2      | Reached skill level 1 in Unarmed Combat
  1127 | D:2      | Reached skill level 1 in Spellcasting
  1127 | D:2      | Reached skill level 1 in Evocations
  1155 | D:2      | Reached XP level 4. HP: 38/41 MP: 5/5
  1484 | D:2      | Found a faded altar of an unknown god.
  1500 | D:2      | Reached skill level 1 in Conjurations
  1500 | D:2      | Reached skill level 1 in Hexes
  1500 | D:2      | Reached skill level 1 in Summonings
  1500 | D:2      | Reached skill level 1 in Necromancy
  1500 | D:2      | Reached skill level 1 in Translocations
  1500 | D:2      | Reached skill level 1 in Transmutations
  1500 | D:2      | Reached skill level 1 in Fire Magic
  1500 | D:2      | Reached skill level 1 in Ice Magic
  1500 | D:2      | Reached skill level 1 in Air Magic
  1500 | D:2      | Reached skill level 1 in Earth Magic
  1500 | D:2      | Reached skill level 1 in Poison Magic
  1501 | D:2      | Became a worshipper of Vehumet
  1501 | D:2      | Reached * piety under Vehumet
  1501 | D:2      | Offered knowledge of Foxfire by Vehumet.
  1524 | D:2      | Learned a level 1 spell: Foxfire
  1979 | D:3      | Reached XP level 5. HP: 47/47 MP: 6/6
  2072 | D:3      | Found a stormy altar of Qazlal.
  2079 | D:3      | Found an ornate altar of the Wu Jian Council.
  2085 | D:3      | Found a radiant altar of Vehumet.
  2203 | D:3      | Noticed Robin
  2245 | D:3      | Killed Robin
  2382 | D:3      | Offered knowledge of Sandblast by Vehumet.
  2432 | D:3      | Found a broken altar of Ashenzari.
  2446 | D:3      | Reached ** piety under Vehumet
  2462 | D:3      | Noticed Natasha
  2469 | D:3      | Killed Natasha
  2567 | D:3      | Found a hide-covered altar of Uskayaw.
  2732 | D:3      | Found Heerch's Magic Scroll Shoppe.
  2739 | D:3      | Bought a scroll of fog for 26 gold pieces
  2739 | D:3      | Bought a scroll of teleportation for 39 gold pieces
  2739 | D:3      | Bought a scroll of identify for 26 gold pieces
  2863 | D:3      | Reached XP level 6. HP: 41/53 MP: 8/8
  3099 | D:3      | Noticed Natasha
  3106 | D:3      | Killed Natasha
  3167 | D:4      | Noticed Eustachio
  3189 | D:4      | Killed Eustachio
  3190 | D:4      | Reached XP level 7. HP: 14/59 MP: 8/10
  4102 | D:4      | Reached skill level 9 in Maces & Flails
  4317 | D:4      | Noticed Sigmund
  4339 | D:4      | Killed Sigmund
  4340 | D:4      | Reached XP level 8. HP: 29/67 MP: 12/12
  5308 | D:5      | Entered Level 5 of the Dungeon
  5472 | D:4      | HP: 3/67 [acid (3)]
  5472 | D:4      | Slain by a jelly

Illustrated notes

Levels and vault maps discovered:
D:1:      dpeg_arrival_oval, layout_rooms, minmay_tetromino_s2
D:2:      layout_loops_ring, ebering_ecumenical_altar_sacrificial
D:3:      layout_basic, mainiacjoe_overflow_catwalk, overflow_temple_1_default,
          old_standard_altar, mainiacjoe_overflow_catwalk_spiral, serial_shops,
          nicolae_shop_stone, uniq_natasha, uniq_robin
D:4:      layout_gridville, uniq_sigmund, uniq_eustachio
D:5:      layout_rooms, pdpol_temple_overflow_zin_treasury_gozag_greed,
          nicolae_dithmenos_the_darkroom

Skill      XL: |  1  2  3  4  5  6  7  8 |
---------------+-------------------------+-----
Invocations    | 1 2 3 |  3.7
Short Blades   | 1 2 3 |  3.4
Long Blades    | 1 2 3 |  3.4
Axes           | 1 2 3 |  3.4
Polearms       | 1 2 3 |  3.4
Staves         | 1 2 3 |  3.4
Slings         | 1 2 3 |  3.4
Bows           | 1 2 3 |  3.4
Crossbows      | 1 2 3 |  3.4
Dodging        | 1 2 3 |  3.4
Shields        | 1 2 3 |  3.4
Unarmed Combat | 1 2 3 |  3.4
Spellcasting   | 1 2 3 |  3.4
Evocations     | 1 2 3 |  3.4
Conjurations   | 1 2 |  2.8
Hexes          | 1 2 |  2.8
Summonings     | 1 2 |  2.8
Necromancy     | 1 2 |  2.8
Translocations | 1 2 |  2.8
Transmutations | 1 2 |  2.8
Fire Magic     | 1 2 |  2.8
Ice Magic      | 1 2 |  2.8
Air Magic      | 1 2 |  2.8
Earth Magic    | 1 2 |  2.8
Poison Magic   | 1 2 |  2.8
Throwing       | 3 4 |  4.3
Armour         | 3 4 |  4.3
Stealth        | 3 4 |  4.2
Fighting       | 7 |  7.4
Maces & Flails | 9 |  9.2

Action                   |  1- 3 |  4- 6 |  7- 9 || total
-------------------------+-------+-------+-------++-------
Melee: Mace              |    97 |   128 |   168 ||   393
       Bite              |     3 |     7 |    13 ||    23
       Punch             |       |       |     1 ||     1
  Use: Scroll            |       |     4 |       ||     4
 Stab: Sleeping          |     4 |     5 |     1 ||    10
       Distracted        |       |     1 |       ||     1
Armor: Robe              |    29 |       |       ||    29
       Ring mail         |     6 |    64 |    53 ||   123
Dodge: Dodged            |    74 |    88 |    63 ||   225
